 Dungeon Crawl Stone Soup version 0.20.0-15-g7f486f2 (webtiles) character file.

368 skittles the Firebug (level 6, -6/45 HPs)
             Began as a Draconian Fire Elementalist on June 10, 2017.
             Killed by divine providence
             ... invoked by an orc priest
              (15 damage)
             ... on level 4 of the Dungeon.
             The game lasted 00:07:05 (3946 turns).

skittles the Firebug (Draconian Fire Elementalist)  Turns: 3946, Time: 00:07:06

Health: -6/45      AC:  6    Str: 11    XL:     6   Next: 41%
Magic:  3/9        EV: 12    Int: 17    God:
Gold:   195        SH:  0    Dex: 11    Spells: 5/9 levels left

rFire    . . .     SeeInvis .   i - +2 spear (venom)
rCold    . . .     Gourm    .   (no shield)
rNeg     . . .     Faith    .   (armour unavailable)
rPois    .         Spirit   .   (helmet restricted)
rElec    .         Reflect  .   (no cloak)
rCorr    .         Harm     .   (no gloves)
MR       .....                  (no boots)
Stlth    ++........             (no amulet)
Regen    0.2/turn               (no ring)
MPRegen  0.2/turn               (no ring)

@: no status effects
A: unfitting armour, cold-blooded, AC +6
a: no special abilities


You were on level 4 of the Dungeon.
You were not hungry.

You visited 1 branch of the dungeon, and saw 4 of its levels.

You collected 195 gold pieces.

Inventory:

Hand Weapons
 i - a +2 spear of venom (weapon)
Scrolls
 g - a scroll of fog {unknown}
Potions
 d - a potion of curing
 e - 2 potions of haste
 f - a potion of berserk rage {unknown}
 h - a potion of agility {unknown}
 j - a potion of ambrosia {unknown}
Books
 a - a book of Flames

   Spells                             Type                      Level
   a - Flame Tongue                   Conjuration/Fire             1
   b - Throw Flame                    Conjuration/Fire             2
   c - Conjure Flame                  Conjuration/Fire             3
   d - Inner Flame                    Hexes/Fire                   3
   e - Sticky Flame                   Conjuration/Fire             4
   f - Fireball                       Conjuration/Fire             5
Comestibles
 b - 3 bread rations
 c - a royal jelly
 k - 4 fruits


   Skills:
 - Level 1.7 Dodging
 - Level 1.7 Stealth
 - Level 2.0 Spellcasting
 + Level 4.6 Conjurations
 + Level 5.6 Fire Magic


You had 5 spell levels left.
You knew the following spells:

 Your Spells              Type           Power        Failure   Level  Hunger
a - Flame Tongue          Conj/Fire      ###..        2%          1    #......
b - Conjure Flame         Conj/Fire      ###.....     7%          3    ###....


Dungeon Overview and Level Annotations

Branches:
Dungeon (4/15)
 Temple: D:4-7

Altars:

Annotations:
D:4 Edmund


Innate Abilities, Weirdness & Mutations

Your plain brown scales are hard. (AC +6)
You cannot fit into any form of body armour.
You are cold-blooded and may be slowed by cold attacks.


Message History

The giant cockroach waves its antennae.
The giant cockroach completely misses you.
A giant cockroach comes into view.
The giant cockroach barely misses you.
Found 17 gold pieces.
Found 22 stones.
The giant cockroach bites you but does no damage.
Found a quarterstaff.
The giant cockroach bites you.
* * * LOW HITPOINT WARNING * * *
An orc priest comes into view. It is wielding a short sword.
You see here a quarterstaff. 2 orcs come into view.
Found a tubular diamond ring.
Found a stone staircase leading down.
The orc priest shouts!
Found a stone staircase leading up.
The orc shouts!
The orc priest mumbles some strange prayers to Beogh against you.
Beogh smites you!
You die...

.##......$ ..#.....## .
#...>..=.###
..#.......... ..oo....<#
...o..# #...# #@# #s#
..$ #s# ... #)# .... ...
#@# ..... ... ####.#
#..... ... ####....#
###..... #..
........####...# #..
#.##^......@.#########..


You could see Edmund, an orc priest, 2 orcs and 2 giant cockroaches.

Vanquished Creatures
  Grinder (D:3)
  3 gnolls
  6 adders
  3 oozes
  A worm (D:3)
  A dart slug (D:3)
  2 leopard geckos (D:1)
  An orc (D:3)
  7 bats
  A giant cockroach (D:2)
  6 goblins
  8 hobgoblins
  3 jackals (D:3)
  2 quokkas
  3 frilled lizards
  5 kobolds
  6 rats
  A fungus (D:3)
60 creatures vanquished.

Notes
Turn   | Place    | Note
-------+----------+-------------------------------------------
     0 | D:1      | skittles the Draconian Fire Elementalist began the quest for the Orb.
     0 | D:1      | Reached XP level 1. HP: 14/14 MP: 3/3
   253 | D:1      | Reached XP level 2. HP: 10/20 MP: 0/5
  1045 | D:2      | Reached XP level 3. HP: 26/26 MP: 6/6
  1266 | D:2      | Reached skill level 4 in Fire Magic
  1333 | D:2      | Reached XP level 4. HP: 21/33 MP: 1/7
  2202 | D:3      | Noticed Grinder
  2378 | D:2      | Learned a level 3 spell: Conjure Flame
  2496 | D:3      | Killed Grinder
  2496 | D:3      | Reached skill level 5 in Fire Magic
  2496 | D:3      | Reached XP level 5. HP: 38/38 MP: 0/8
  2496 | D:3      | Reached XP level 6. HP: 45/45 MP: 0/9
  3910 | D:4      | Noticed Edmund
  3946 | D:4      | Killed from afar by an orc priest

Skill      XL: |  1  2  3  4 |
---------------+-------------+-----
Conjurations   | 2 4 |  4.6
Fire Magic     | 4 5 |  5.6
Dodging        | |  1.7
Stealth        | |  1.7
Spellcasting   | |  2.0

Action                   |  1- 3 |  4- 6 || total
-------------------------+-------+-------++-------
Melee: Unarmed           |    14 |       ||    14
       Dagger            |    11 |    39 ||    50
       Tailslap          |     6 |    16 ||    22
       Whip              |    45 |    49 ||    94
       Spear             |       |    69 ||    69
 Cast: Flame Tongue      |    30 |    44 ||    74
  Use: Scroll            |     3 |     2 ||     5
       Potion            |       |     1 ||     1
 Stab: Sleeping          |     3 |     3 ||     6
       Distracted        |       |     1 ||     1
  Eat: Chunk             |     2 |     9 ||    11
Armor: Skin              |    33 |    43 ||    76
Dodge: Dodged            |    73 |   127 ||   200
